 Dungeon Crawl Stone Soup version 0.16.1-14-g82efdee (webtiles) character file.

140725 void0 the Warrior (level 16, -1/176 HPs)
             Began as a Minotaur Berserker on Apr 8, 2015.
             Was a High Priest of Trog.
             Drowned by a water elemental (8 damage)
             ... on level 5 of the Shoals on Apr 11, 2015.
             The game lasted 09:27:27 (45895 turns).

void0 the Warrior (Minotaur Berserker)             Turns: 45895, Time: 09:27:28

Health: -1/176     AC: 35    Str: 28    XL:     16   Next: 76%
Magic:  6/6        EV:  4    Int:  4    God:    Trog [*****.]
Gold:   2841       SH:  0    Dex: 16    Spells: 0 memorised, 15 levels left

rFire  . . .     SeeInvis .     l - +1 eveningstar (venom)
rCold  . . .     Clarity  .     C - +4 plate armour
rNeg   + . .     SustAb   .     i - +0 large shield
rPois  .         Gourm    .     (helmet restricted)
rElec  .         Spirit   .     O - +1 cloak
rCorr  .         Warding  +     f - +0 pair of gloves (curse)
rMut   .         Stasis   .     W - +2 pair of boots {Fly}
MR     ++...                    a - amulet of warding
Stlth  ..........               J - +5 ring of protection
                                B - ring of protection from magic

@: confused, mighty, engulfed (cannot breathe), flying, held, drained, very
resistant to hostile enchantments, extremely unstealthy
A: retaliatory headbutt, horns 2, robust 1
a: Burn Spellbooks, Berserk, Trog's Hand, Brothers in Arms, Renounce Religion,
Stop Flying


You were on level 5 of the Shoals.
You worshipped Trog.
Trog was extremely pleased with you.
You were hungry.

You visited 5 branches of the dungeon, and saw 33 of its levels.
You also visited: Labyrinth, Bailey and Ice Cave.

You collected 3388 gold pieces.
You spent 547 gold pieces at shops.

Inventory:

Hand weapons
 l - a +1 eveningstar of venom (weapon)
 X - a +6 demon whip of flaming
Missiles
 t - 20 tomahawks (quivered)
 Y - 26 poisoned javelins
Armour
 f - a cursed +0 pair of gloves (worn)
 i - a +0 large shield (worn)
 C - a +4 plate armour (worn)
 O - a +1 cloak (worn)
 W - a +2 pair of boots of flying (worn)
Jewellery
 a - an amulet of warding (around neck)
 e - an uncursed ring of ice
 w - an uncursed ring of positive energy
 y - the ring "Suiwiuh" {+/*Tele rF- Str+7 Int+2}
   (You acquired it on level 8 of the Lair of Beasts)

   [ring of teleportation]

   It causes random teleportation, and can be evoked to teleport at will.
   It affects your strength (+7).
   It affects your intelligence (+2).
   It makes you vulnerable to fire.
 B - a ring of protection from magic (left hand)
 J - a +5 ring of protection (right hand)
 L - an uncursed amulet of resist corrosion
 M - the ring "Pnum" {Wiz Dex+3}
   (You found it in a labyrinth)

   [ring of wizardry]

   It improves your spell success rate.
   It affects your dexterity (+3).
 R - the ring "Meecump" {Fire Int+4}
   (You found it on level 11 of the Dungeon)

   [ring of fire]

   It enhances your fire magic, and weakens your ice magic.
   It affects your intelligence (+4).
   It protects you from fire.
   It makes you vulnerable to cold.
Magical devices
 q - a wand of digging (10)
 A - a wand of enslavement (2)
 D - a wand of cold (11)
 P - a wand of fireball (1)
 T - a wand of fireball (4)
 V - a wand of lightning (4)
Scrolls
 c - a scroll of enchant armour
 o - 3 scrolls of fog
 p - 7 scrolls of teleportation
 r - a scroll of magic mapping
 G - a scroll of summoning
 K - 10 scrolls of remove curse
 N - 2 scrolls of blinking
 S - 4 scrolls of identify
 U - 4 scrolls of recharging
 Z - a scroll of silence
Potions
 b - a potion of agility
 d - a potion of lignification
 h - 6 potions of heal wounds
 j - 2 potions of resistance
 k - 2 potions of invisibility
 m - 2 potions of might
 n - 6 potions of restore abilities
 x - 14 potions of curing
 z - 3 potions of haste
 F - 3 potions of cancellation
 I - 2 potions of cure mutation
Comestibles
 g - 11 meat rations
 u - 3 beef jerkies
 v - 7 slices of pizza
 E - 46 fruits
 H - a royal jelly


   Skills:
 + Level 19.0(18.7) Fighting
 - Level 16.0(15.7) Maces & Flails
 + Level 18.3(18.0) Armour
 - Level 2.2(2.1) Dodging
 + Level 16.9(16.7) Shields


You had 15 spell levels left.
You didn't know any spells.

Dungeon Overview and Level Annotations

Branches:
Dungeon (15/15)            Temple (1/1) D:7            Lair (8/8) D:8
 Shoals (5/5) Lair:5       Spider (0/5) Lair:3          Orc (4/4) D:9
    Elf (0/3) Orc:3        Vaults (0/5) D:13         Depths (0/5) D:15
  Slime: Lair:6-8

Altars:
Ashenzari
Cheibriados
Dithmenos
Elyvilon
Fedhas
Gozag
Kikubaaqudgha
Makhleb
Nemelex Xobeh
Okawaru
Qazlal
Ru
Sif Muna
Trog
Vehumet
Xom
Yredelemnul
Zin
The Shining One

Shops:
D:8 :   D:13 (   Orc:4 %(*(   Shoals:3 !

Annotations:
Lair:7 exclusion: 2 oklob plants


Innate Abilities, Weirdness & Mutations

You reflexively headbutt those who attack you in melee.
You have a pair of horns on your head.
You are robust (+10% HP).


Message History

The merfolk hits you but does no damage.
Your deep troll closely misses the merfolk.
Your deep troll claws the merfolk.
Your deep troll claws the merfolk!
The merfolk dies!
Trog accepts your kill.
You hear a splash. x2
The water elemental hits you.
The merfolk impaler hits you from afar with a trident of freezing!
* * * LOW HITPOINT WARNING * * *
The merfolk impaler freezes you.
* * * LOW HITPOINT WARNING * * *
The merfolk hits you but does no damage.
You can't do that while held in a net.
You can't do that while held in a net.
You can't do that while held in a net.
You can't do that while held in a net.
You can't do that while held in a net.
You are confused.
You feel invigorated.
You die...

≈≈≈ ..≈≈≈≈≈≈≈
#..≈≈≈≈≈≈≈≈
#..≈≈≈≈≈≈≈≈≈
#..≈≈≈≈≈≈≈≈≈≈
#...≈≈≈≈≈≈≈≈≈
#...mmm≈≈≈≈≈≈
####....m≈≈≈≈≈≈≈≈
........@.≈≈≈≈≈≈≈
.......mET≈≈≈≈≈≈≈
......m))≈≈≈≈≈≈
.....≈≈≈≈≈≈≈≈≈≈
.....≈≈.≈≈≈≈≈≈≈
........≈≈≈≈≈
..≈...≈≈≈≈≈
.≈m≈≈≈≈≈≈ ≈≈≈


You could see 2 merfolk impalers, 4 merfolk, a water nymph, a water elemental
and a friendly deep troll (berserk).

Vanquished Creatures
  Gastronok (Lair:1)
  Snorg (Lair:7)
  3 merfolk javelineers
  A fire dragon (D:13)
  8 merfolk impalers
  Josephine (Orc:3)
  A minotaur (Lab)
  8 vault guards (D:13)
  5 hydras
  Fannar (Lair:1)
  Harold (Lair:7)
  4 centaur warriors
  A merfolk avatar (Shoals:5)
  6 merfolk aquamancers
  2 satyrs
  A vampire mage (D:15)
  A tengu warrior (D:14)
  5 orc high priests (Orc:4)
  Urug (D:13)
  8 death yaks
  The ghost of Uberwunderbarhen the Basher, an experienced GrFi of Okawaru (D:10)
  A skeletal warrior (D:15)
  A golden dragon zombie (D:15)
  4 sea snakes
  3 unseen horrors
  3 ice statues (IceCv)
  8 orc knights
  5 hill giants
  8 griffons
  4 harpies
  A necromancer (D:15)
  3 cyclopes
  7 black mambas
  3 water nymphs
  A wizard (D:14)
  A draconian (shapeshifter) (D:15)
  10 manticores
  A sixfirhy (Orc:4)
  3 ugly things
  8 fauns
  6 sirens
  16 elephants
  4 komodo dragons
  Psyche (D:13)
  3 gargoyles (D:12)
  7 spiny frogs
  4 centaur skeletons
  A death yak zombie (D:15)
  2 efreet
  A redback zombie (D:15)
  A freezing wraith (D:15)
  A jumping spider (Lair:3)
  4 trolls
  A guardian mummy (D:15)
  A tengu conjurer (D:12)
  4 wandering mushrooms (Lab)
  29 merfolk
  A fire drake (Lair:5)
  6 harpy zombies (Shoals:2)
  The ghost of SaintRoka the Cleaver, an average HOGl (D:4)
  A polar bear (Lair:7)
  3 two-headed ogres
  2 slime creatures (D:15)
  2 wind drakes
  5 ravens
  2 trapdoor spiders
  6 blink frogs
  2 basilisks
  6 snapping turtles
  A griffon zombie (Shoals:2)
  A vampire (D:15)
  2 wyverns
  5 wraiths (Orc:3)
  8 water elementals
  25 yaks
  2 deep elf magi
  2 shadows
  Eustachio (D:7)
  7 hippogriffs
  A golden eye (D:11)
  Grum (D:13)
  A deep elf fighter (D:12)
  7 wolves
  A hungry ghost (D:11)
  3 vampire mosquitoes
  11 porcupines
  A warg (Orc:4)
  26 ice beasts
  10 soldier ants
  37 orc warriors
  A black bear (D:11)
  17 water moccasins
  2 wasps (D:13)
  3 sky beasts
  A swamp drake (Lair:2)
  4 phantoms
  10 ogres
  A necrophage (D:7)
  18 centaurs
  19 crocodiles
  2 boring beetles
  Duvessa (D:7)
  A big kobold (D:12)
  Blork the orc (D:7)
  A wyvern zombie (D:14)
  A brain worm (D:13)
  22 giant frogs
  5 scorpions
  13 wights
  5 killer bees (D:8)
  Dowan (D:7)
  11 crimson imps
  A wasp zombie (D:10)
  2 centaur zombies
  2 elf zombies (D:15)
  3 jellies
  A goliath beetle (D:10)
  4 electric eels
  3 giant frog zombies
  37 orc priests
  16 hounds
  16 iguanas
  4 giant frog skeletons
  41 orc wizards
  30 worker ants
  2 hell rats (Lair:2)
  29 sheep
  3 hound zombies
  A hound skeleton (D:5)
  A mummy (D:12)
  33 adders
  16 gnolls
  A worker ant zombie (D:8)
  48 river rats
  2 shadow imps
  A giant mite (D:6)
  5 worms
  An adder skeleton (D:10)
  An adder zombie (D:7)
  5 giant geckos
  218 orcs
  21 bats
  A bat skeleton (D:7)
  A bat zombie (D:7)
  7 giant cockroaches
  9 hobgoblins
  10 jackals
  25 kobolds
  A giant cockroach zombie (D:6)
  3 giant newts
  3 giant spores
  15 goblins
  A goblin zombie (D:6)
  A jackal skeleton (D:4)
  18 quokkas
  20 rats
  10 ballistomycetes
  A butterfly (Lair:6)
  3 fungi
  9 plants
1238 creatures vanquished.

Vanquished Creatures (collateral kills)
  Rupert (Lair:6)
  Ilsuiw (Shoals:4)
  3 merfolk impalers
  A merfolk avatar (Shoals:5)
  A catoblepas (Lair:8)
  A satyr (Shoals:5)
  A lindwurm (Lair:8)
  2 harpies (Shoals:2)
  An orc knight (Orc:4)
  2 manticores
  A black mamba (Lair:8)
  2 sirens (Shoals:4)
  A queen ant (Lair:6)
  7 merfolk
  2 water elementals (Shoals:4)
  6 soldier ants (Lair:6)
  6 orc warriors
  A boring beetle (Lair:6)
  5 orc priests
  2 orc wizards (D:9)
  11 worker ants (Lair:6)
  9 orcs
67 creatures vanquished.

Vanquished Creatures (others)
  2 drowned souls (Shoals:5)
  2 trolls
  A two-headed ogre (Orc:4)
  An orc warrior (D:10)
  A giant spore (D:6)
  A ballistomycete (D:6)
  3 fungi
  4 plants
  12 tentacles
  657 tentacle segments
684 creatures vanquished.

Grand Total: 1989 creatures vanquished

Notes
Turn   | Place    | Note
--------------------------------------------------------------
     0 | D:1      | void0, the Minotaur Berserker, began the quest for the Orb.
     0 | D:1      | Reached XP level 1. HP: 19/19 MP: 1/1
   192 | D:1      | Reached skill level 4 in Maces & Flails
   327 | D:1      | Reached XP level 2. HP: 27/27 MP: 1/1
  1348 | D:2      | Reached XP level 3. HP: 33/33 MP: 2/2
  1491 | D:2      | Reached skill level 5 in Maces & Flails
  1495 | D:2      | Found a glowing golden altar of the Shining One.
  1539 | D:2      | Acquired Trog's second power
  1544 | D:2      | Reached XP level 4. HP: 40/40 MP: 2/2
  1551 | D:2      | Reached skill level 6 in Maces & Flails
  1855 | D:2      | Reached XP level 5. HP: 46/46 MP: 2/2
  1862 | D:2      | Reached skill level 7 in Maces & Flails
  2664 | D:3      | Reached skill level 8 in Maces & Flails
  2664 | D:3      | Reached XP level 6. HP: 52/52 MP: 3/3
  2783 | D:3      | Found a shadowy altar of Dithmenos.
  3326 | D:4      | Noticed SaintRoka's ghost (average HOGl)
  3340 | D:4      | Reached skill level 9 in Maces & Flails
  3363 | D:4      | Killed SaintRoka's ghost
  3363 | D:4      | Reached XP level 7. HP: 39/58 MP: 3/3
  3585 | D:4      | Reached skill level 10 in Maces & Flails
  3667 | D:4      | Acquired Trog's third power
  4289 | D:5      | Entered Level 5 of the Dungeon
  4452 | D:5      | Reached skill level 11 in Maces & Flails
  4453 | D:5      | Reached XP level 8. HP: 55/66 MP: 3/3
  4603 | D:5      | Found a snail-covered altar of Cheibriados.
  4879 | D:5      | Reached skill level 12 in Maces & Flails
  5405 | D:5      | Reached skill level 5 in Fighting
  5971 | D:6      | Reached skill level 5 in Armour
  6189 | D:6      | Reached XP level 9. HP: 67/77 MP: 4/4
  6289 | D:6      | Found an opulent altar of Gozag.
  6430 | D:6      | Received a gift from Trog
  6521 | D:6      | Found a white marble altar of Elyvilon.
  7166 | D:7      | Found a sacrificial altar of Ru.
  7451 | D:7      | Found a flagged portal.
  7467 | Bailey   | Entered a bailey
  7957 | Bailey   | Noticed an orc knight
  8058 | Bailey   | Noticed an orc knight
  8322 | Bailey   | Killed an orc knight
  8989 | D:7      | Noticed Duvessa
  8990 | D:7      | Noticed Dowan
  9009 | D:7      | Killed Duvessa
  9017 | D:7      | Found a staircase to the Ecumenical Temple.
  9091 | D:7      | Noticed Eustachio
  9122 | D:7      | Killed Eustachio
  9256 | D:7      | Killed Dowan
  9307 | D:7      | Reached XP level 10. HP: 81/91 MP: 4/4
  9533 | D:7      | Noticed Blork the orc
  9554 | D:7      | Killed Blork the orc
  9815 | D:7      | Found a sparkling altar of Nemelex Xobeh.
  9815 | D:7      | Found a shattered altar of Ashenzari.
  9891 | Temple   | Entered the Ecumenical Temple
 10077 | D:8      | Found a staircase to the Lair.
 10089 | D:8      | Reached skill level 1 in Shields
 10188 | D:8      | Found an iron altar of Okawaru.
 10242 | D:8      | Noticed a white ugly thing
 10261 | D:8      | Killed a white ugly thing
 10261 | D:8      | Reached skill level 10 in Fighting
 10309 | D:8      | Found a sacrificial altar of Ru.
 10332 | D:8      | Reached skill level 10 in Armour
 10410 | D:8      | Found Ybaph's Book Shoppe.
 10900 | D:8      | Found a bloodstained altar of Trog.
 10967 | Lair:1   | Entered Level 1 of the Lair of Beasts
 11052 | Lair:1   | Noticed Gastronok
 11126 | Lair:1   | Killed Gastronok
 11302 | Lair:1   | Noticed a seven-headed hydra
 11314 | Lair:1   | Killed a seven-headed hydra
 11314 | Lair:1   | Reached skill level 5 in Shields
 11666 | Lair:1   | Reached XP level 11. HP: 102/102 MP: 4/4
 11705 | Lair:1   | Noticed Fannar
 11728 | Lair:1   | Killed Fannar
 13424 | Lair:2   | Received a gift from Trog
 13793 | Lair:3   | Found a frozen archway.
 13806 | IceCv    | Entered an ice cave
 13985 | IceCv    | Noticed an ice statue
 13985 | IceCv    | Noticed an ice statue
 13985 | IceCv    | Noticed an ice statue
 14367 | IceCv    | Killed an ice statue
 15035 | IceCv    | Killed an ice statue
 15214 | IceCv    | Killed an ice statue
 15309 | Lair:3   | Found a hole to the Spider Nest.
 15318 | Lair:3   | Noticed an eight-headed hydra
 15325 | Lair:3   | Killed an eight-headed hydra
 15602 | Lair:3   | Reached XP level 12. HP: 111/113 MP: 5/5
 15603 | Lair:3   | Reached skill level 13 in Armour
 16567 | Lair:4   | Noticed an eight-headed hydra
 16644 | Lair:4   | Killed an eight-headed hydra
 16798 | Lair:4   | Received a gift from Trog
 17166 | Lair:4   | Found a dark tunnel.
 17196 | Lair:4   | Reached skill level 10 in Shields
 18073 | Lair:5   | Found a staircase to the Shoals.
 19296 | Lair:6   | Reached skill level 14 in Armour
 19589 | Lair:6   | Noticed Rupert
 19591 | Lair:6   | Killed Rupert
 19695 | Lair:6   | Received a gift from Trog
 19749 | Lair:6   | Identified a scroll of acquirement
 20395 | Lair:6   | Noticed a four-headed hydra
 20408 | Lair:6   | Killed a four-headed hydra
 20408 | Lair:6   | Reached XP level 13. HP: 124/124 MP: 5/5
 21011 | Lair:7   | Noticed Snorg
 21039 | Lair:7   | Killed Snorg
 21201 | Lair:7   | Noticed Harold
 21217 | Lair:7   | Killed Harold
 21539 | Lair:7   | Found a white marble altar of Elyvilon.
 21708 | Lair:7   | Reached skill level 15 in Armour
 21744 | Lair:7   | Reached skill level 15 in Fighting
 22354 | Lair:8   | Entered Level 8 of the Lair of Beasts
 22740 | Lair:8   | Got a smoking copper ring
 22742 | Lair:8   | Identified the ring "Suiwiuh" {+/*Tele rF- Str+7 Int+2} (You acquired it on level 8 of the Lair of Beasts)
 22758 | Lair:8   | Received a gift from Trog
 23847 | Lair:8   | Reached XP level 14. HP: 124/136 MP: 5/5
 23883 | Lair:8   | Reached skill level 16 in Armour
 24470 | D:9      | Found a basalt altar of Yredelemnul.
 24473 | D:9      | Found an ancient bone altar of Kikubaaqudgha.
 24561 | D:9      | Noticed an angel
 24561 | D:9      | Found a glowing silver altar of Zin.
 24702 | D:9      | Found a shimmering altar of Xom.
 24908 | D:9      | Found a deep blue altar of Sif Muna.
 25053 | D:9      | Received a gift from Trog
 25218 | D:9      | Found a staircase to the Orcish Mines.
 25277 | Orc:1    | Entered Level 1 of the Orcish Mines
 25866 | Orc:1    | Gained mutation: You are robust (+10% HP). [potion of beneficial mutation]
 26323 | Orc:2    | Received a gift from Trog
 26844 | Orc:3    | Found a white marble altar of Elyvilon.
 26962 | Orc:3    | Noticed Josephine
 26975 | Orc:3    | Killed Josephine
 27296 | Orc:3    | Found a staircase to the Elven Halls.
 27723 | Orc:2    | Received a gift from Trog
 27786 | Orc:2    | Found a burning altar of Makhleb.
 28029 | Orc:4    | Entered Level 4 of the Orcish Mines
 28718 | Orc:4    | Received a gift from Trog
 29950 | Orc:4    | Found Xuyppuh's Food Emporium.
 29951 | Orc:4    | Found Licvo's Weapon Emporium.
 29951 | Orc:4    | Found Arisosoa's Antique Weapon Emporium.
 29952 | Orc:4    | Found Klikk's General Store.
 29970 | Orc:4    | Bought a scroll of identify for 26 gold pieces
 29970 | Orc:4    | Bought a potion of curing for 39 gold pieces
 29982 | Orc:4    | Bought a potion of invisibility for 104 gold pieces
 30048 | Orc:4    | Received a gift from Trog
 30215 | D:10     | Entered Level 10 of the Dungeon
 30353 | D:10     | Noticed Uberwunderbarhen's ghost (experienced GrFi)
 30368 | D:10     | Killed Uberwunderbarhen's ghost
 31798 | D:11     | Got a glittering marble ring
 31800 | D:11     | Identified the ring "Meecump" {Fire Int+4} (You found it on level 11 of the Dungeon)
 31998 | D:12     | Found a labyrinth entrance.
 32019 | Lab      | Entered a labyrinth
 32083 | Lab      | Found an exit through the horrors of the Abyss.
 32616 | Lab      | Got a heavily runed steel ring
 32623 | D:12     | Identified the ring "Pnum" {Wiz Dex+3} (You found it in a labyrinth)
 33543 | D:12     | Reached XP level 15. HP: 160/160 MP: 6/6
 34018 | D:12     | Upgraded the game from 0.16.1-12-gf5c4a84 to 0.16.1-14-g82efdee
 34169 | D:13     | Reached skill level 15 in Maces & Flails
 34193 | D:13     | Received a gift from Trog
 34344 | D:13     | Found a gate to the Vaults.
 34517 | D:13     | Noticed Urug
 34541 | D:13     | Killed Urug
 34695 | D:13     | Found Osoisod's Antique Weapon Shop.
 34786 | D:13     | Noticed Grum
 34804 | D:13     | Killed Grum
 35056 | D:13     | Reached skill level 17 in Fighting
 35137 | D:13     | Noticed Psyche
 35145 | D:13     | Killed Psyche
 36479 | D:15     | Entered Level 15 of the Dungeon
 36511 | D:15     | Found an iron altar of Okawaru.
 36744 | D:15     | Reached skill level 15 in Shields
 36830 | D:15     | Found a staircase to the Depths.
 37503 | D:15     | Received a gift from Trog
 38515 | Shoals:1 | Entered Level 1 of the Shoals
 40208 | Shoals:1 | Reached XP level 16. HP: 144/172 MP: 6/6
 40460 | Shoals:1 | Reached skill level 18 in Fighting
 42358 | Shoals:3 | Found Awuudyomycs' Distillery.
 42367 | Shoals:3 | Bought a potion of haste for 180 gold pieces
 42367 | Shoals:3 | Bought a potion of curing for 54 gold pieces
 42367 | Shoals:3 | Bought a potion of heal wounds for 90 gold pieces
 42367 | Shoals:3 | Bought a potion of curing for 54 gold pieces
 42467 | Shoals:3 | Received a gift from Trog
 43627 | Shoals:4 | Noticed Ilsuiw
 43646 | Shoals:4 | Killed Ilsuiw
 44198 | Shoals:5 | Entered Level 5 of the Shoals
 45394 | Shoals:5 | Reached skill level 19 in Fighting
 45894 | Shoals:5 | HP: 6/176 [merfolk impaler/trident of freezing (7)]
 45894 | Shoals:5 | HP: 2/176 [merfolk impaler/trident of freezing (4)]
 45895 | Shoals:5 | Drowned by a water elemental

Action                   |  1- 3 |  4- 6 |  7- 9 | 10-12 | 13-15 | 16-18 || total
-------------------------+-------+-------+-------+-------+-------+-------++-------
Melee: Mace              |    29 |       |       |       |       |       ||    29
       Great mace        |    42 |   137 |   213 |   259 |       |       ||   651
       Flail             |       |       |   174 |   566 |       |       ||   740
       Unarmed           |       |       |     1 |       |       |    81 ||    82
       Demon whip        |       |       |       |    74 |  1565 |       ||  1639
       Eveningstar       |       |       |       |       |   454 |   456 ||   910
 Fire: Arbalest          |       |       |       |    16 |       |       ||    16
Throw: Stone             |       |       |    34 |     9 |       |       ||    43
       Javelin           |       |       |       |     8 |    10 |       ||    18
       Tomahawk          |       |       |       |       |    25 |    19 ||    44
Invok: Berserk           |     1 |     3 |     4 |     4 |     5 |       ||    17
       Burn Spellbooks   |       |       |     1 |       |     1 |     1 ||     3
       Brothers in Arms  |       |       |       |     1 |     6 |     5 ||    12
Evoke: Wand              |       |       |       |     6 |     9 |     1 ||    16
       Deck              |       |       |       |     2 |       |       ||     2
  Use: Scroll            |     1 |     4 |    11 |    12 |    15 |     3 ||    46
       Potion            |       |       |     1 |     2 |     3 |     5 ||    11
 Stab: Paralysed         |       |       |     2 |       |       |       ||     2
       Distracted        |       |       |       |       |     2 |       ||     2
  Eat: Bread ration      |     1 |       |     3 |     7 |     8 |     2 ||    21
       Chunk             |       |     2 |     8 |     9 |    30 |     6 ||    55
       Meat ration       |       |     1 |       |       |       |       ||     1
       Beef jerky        |       |       |     1 |       |     2 |     3 ||     6
       Pizza             |       |       |     1 |       |       |       ||     1
       Fruit             |       |       |       |       |     1 |       ||     1
